 Dungeon Crawl Stone Soup version 0.25-a0-886-gd7461d2276 (webtiles) character file.

Game seed: 6063589342365392048, levelgen mode: deterministic

45235 Maedhros the Martial Artist (level 14, -7/97 HPs)
             Began as an Octopode Artificer on May 2, 2020.
             Was an Elder of Cheibriados.
             Mangled by a minotaur
             ... wielding the +12 rapier of Conservatism {flame, rPois rC+}
              (30 damage)
             ... in a Gauntlet.
             The game lasted 01:06:06 (7878 turns).

Maedhros the Martial Artist (Octopode Artificer)    Turns: 7878, Time: 01:06:07

Health: -7/97      AC:  1    Str: 15    XL:     14   Next: 32%
Magic:  27/27      EV: 21    Int: 28    God:    Cheibriados [****..]
Gold:   906        SH: 15    Dex: 28    Spells: 8/19 levels left

rFire    x . .     SeeInvis .     - Unarmed
rCold    + + .     Gourm    +   c - +4 kite shield of Purpose {+Blink}
rNeg     + . .     Faith    .   (helmet restricted)
rPois    +         Spirit   .   U - amulet "Nopa" {Gourm +Inv Str-5 Int+5 Slay+5}
rElec    .         Reflect  .   l - ring of positive energy
rCorr    .         Harm     .   (no ring)
MR       ++++.     NoTele   +   y - ring of ice
Stlth    ++++......             N - ring of Wodwet {rPois MR+ Dex+2}
HPRegen  0.26/turn              I - ring of Cifir {Fire *Slow MR+ MP+9}
MPRegen  0.20/turn              J - ring of ice
                                (no ring)
                                (no ring)

@: stab, very slightly contaminated, very slow
A: almost no armour, stealthy swim, amphibious, 8 rings, constrict 8, camouflage
1, cold resistance 1, magic resistance 1, gelatinous body 1
a: Bend Time, Temporal Distortion, Slouch, Renounce Religion, Evoke Blink, Evoke
Invisibility


You were in a Gauntlet.
You worshipped Cheibriados.
Cheibriados was greatly pleased with you.
You were very full.

You visited 2 branches of the dungeon, and saw 15 of its levels.
You also visited: Ossuary, Bailey and Gauntlet.

You collected 906 gold pieces.

Inventory:

Hand Weapons
 j - a +2 trident of protection
 F - the +8 whip "Tarehih" {vorpal, Str+2}
   (You took it off a gnoll on level 6 of the Dungeon)

   It inflicts extra damage upon your enemies.
   It affects your strength (+2).
Missiles
 m - 25 poisoned darts
 E - 5 curare-tipped darts (quivered)
Armour
 c - the +4 kite shield of Purpose (worn) {+Blink}
   (You acquired it on level 13 of the Dungeon)

   It lets you blink.
 k - a +3 buckler
 R - the +1 fire dragon scales "Conum" {rF++ rC- Regen+ Dex+2, unknown}
   (You found it in a bailey)

   It affects your dexterity (+2).
   It greatly protects you from fire.
   It makes you vulnerable to cold.
   It increases your rate of regeneration.
Magical Staves
 H - an uncursed staff of cold
 P - an uncursed staff of poison
Jewellery
 d - a +3 amulet of reflection
 e - the ring of Call {Fire rElec Dex+3}
   (You found it on level 11 of the Dungeon)

   [ring of fire]

   It enhances your fire magic.
   It affects your dexterity (+3).
   It protects you from fire.
   It makes you vulnerable to cold.
   It insulates you from electricity.
 h - an uncursed amulet of regeneration {unknown}
 l - a ring of positive energy (left tentacle)
 w - an uncursed amulet of magic regeneration
 y - a ring of ice (on tentacle)
 I - the ring of Cifir (on tentacle) {Fire *Slow MR+ MP+9}
   (You found it on level 7 of the Dungeon)

   [ring of fire]

   It enhances your fire magic.
   It protects you from fire.
   It makes you vulnerable to cold.
   It affects your resistance to hostile enchantments.
   It affects your magic capacity (+9).
   It may slow you when you take damage.
 J - a ring of ice (on tentacle)
 N - the ring of Wodwet (on tentacle) {rPois MR+ Dex+2}
   (You found it on level 9 of the Dungeon)

   [ring of protection from magic]

   It affects your dexterity (+2).
   It protects you from poison.
   It affects your resistance to hostile enchantments.
 U - the amulet "Nopa" (around mantle) {Gourm +Inv Str-5 Int+5 Slay+5}
   (You found it on level 13 of the Dungeon)

   [amulet of the gourmand]

   It allows you to eat raw meat even when not hungry.
   It affects your strength (-5).
   It affects your intelligence (+5).
   It affects your accuracy and damage with ranged weapons and melee attacks
   (+5).
   It lets you turn invisible.
Wands
 b - a wand of flame (6)
 D - a wand of iceblast (2)
Scrolls
 a - 2 scrolls of enchant armour
 g - 10 scrolls of remove curse
 i - a scroll of silence
 n - 5 scrolls of teleportation
 p - a scroll of immolation
 s - a scroll of blinking {unknown}
 t - 8 scrolls of enchant weapon {unknown}
 u - a scroll of holy word {unknown}
 v - 2 scrolls of fear
 x - 3 scrolls of fog
 B - 2 scrolls of vulnerability
 K - 5 scrolls of amnesia
 T - a scroll of brand weapon
Potions
 q - 3 potions of brilliance
 r - a potion of berserk rage {unknown}
 z - a potion of ambrosia {unknown}
 A - a potion of curing
 C - 2 potions of mutation
 G - 4 potions of degeneration {unknown}
 M - a potion of cancellation {unknown}
 O - a potion of flight {unknown}
 S - a potion of might
Miscellaneous
 o - a lightning rod (4/4)
Comestibles
 f - 29 rations


   Skills:
 - Level 9.0 Fighting
   Level 1.0 Short Blades
 - Level 9.1 Dodging
 - Level 4.0 Stealth
 * Level 6.2 Shields
 - Level 10.0 Unarmed Combat
 * Level 3.1 Spellcasting
 - Level 5.0 Hexes
   Level 3.8 Charms
   Level 7.1 Summonings
   Level 5.0 Necromancy
 - Level 8.0 Translocations
 - Level 7.0 Ice Magic
 - Level 6.2 Invocations
 * Level 3.2 Evocations


You had 8 spell levels left.
You knew the following spells:

 Your Spells              Type           Power        Failure   Level  Hunger
a - Gell's Gravitas       Tloc           #####.....   2%          3    ###....
b - Metabolic Englaciati  Hex/Ice        ######....   52%         5    ######.
c - Inner Flame           Hex/Fire       ####....     26%         3    ###....

Your spell library contained the following spells:

 Spells                   Type           Power        Failure   Level  Hunger
 Corona                   Hex            ####...      3%          1    None
 Slow                     Hex            ####....     4%          2    #......
 Portal Projectile        Hex/Tloc       #####.       5%          3    ###....
 Confusing Touch          Hex            ####....     10%         3    ###....
 Cause Fear               Hex            ####......   32%         4    ####...
 Leda's Liquefaction      Hex/Erth       ###.......   65%         4    ####...
 Petrify                  Tmut/Erth      #.......     94%         4    ####...
 Yara's Violent Unravell  Hex/Tmut       ###.......   94%         5    ######.
 Haunt                    Necr/Summ      #####.....   100%        7    #######
 Borgnjor's Revivificati  Necr           ####......   100%        8    #######
 Death's Door             Chrm/Necr      ####......   100%        8    #######
 Infestation              Necr           ####......   100%        8    #######
 Necromutation            Tmut/Necr      ###.......   100%        8    #######


Dungeon Overview and Level Annotations

Branches:
Dungeon (14/15)            Temple (1/1) D:4            Lair (0/6) D:10
    Orc (0/2) D:9         Ossuary (visited)          Bailey (visited)
Gauntlet (1/1)
 Vaults: D:13-14

Altars:
Ashenzari
Cheibriados
Dithmenos
Elyvilon
Gozag
Makhleb
Qazlal
Sif Muna
Uskayaw
Xom

Annotations:
D:4 1 runed translucent door, tmanko2's ghost, amateur OgAM
D:10 Snorg
D:13 exclusion: vampire Gauntlet 6 transporters


Innate Abilities, Weirdness & Mutations

You cannot wear most types of armour.
You are very stealthy in the water. (Stealth+)
You are amphibious.
You can wear up to eight rings at the same time.
You can use your tentacles to constrict eight enemies at once.
Your skin changes colour to match your surroundings (Stealth+).
Your rubbery body absorbs attacks. (AC +1, EV +1)
Your flesh is cold resistant. (rC+)
You are resistant to hostile enchantments. (MR+)


Message History

* * * LOW HITPOINT WARNING * * *
You block the minotaur's attack.
Evoke which item? (* to show all) (? for menu, Esc to quit)
Okay, then.
You feel better.
You flicker back into view.
You constrict the minotaur, but do no damage.
You block the minotaur's attack. The minotaur closely misses you.
You tentacle-slap the minotaur but do no damage.
The minotaur is severely wounded.
You constrict the minotaur. You block the minotaur's attack.
The minotaur gores you!
* * * LOW HITPOINT WARNING * * *
You tentacle-slap the minotaur but do no damage.
You tentacle-slap the minotaur, but do no damage.
You squeeze the minotaur.
The minotaur is almost dead.
You constrict the minotaur.
The minotaur hits you with the +12 rapier of Conservatism {flame, rPois rC+}!!
You die...

#####..# #§8≈#..#
#...#..# #.8.#..#
#############...#..#
#..........##.8.#..#
#.########.##...#..#
#.#......#.##...#..#
#.#@####.#.##.©.#≈..
#.#.H.∩#.#......#∩..
#.######.####.©.#≈..
#........# #...#..#
########## #...#..#
#.8.#..# #...#..#
#.8.#..# #...#..#


You could see a minotaur.

Vanquished Creatures
  3 centaur warriors (D:13)
  The ghost of Rikkoh the Geomancer, a journeyman GrEE of Vehumet (D:11)
  A queen ant (Gauntlet)
  3 two-headed ogres
  A wizard (D:9)
  2 ugly things
  4 cyclopes
  A centaur zombie (D:14)
  A water nymph (shapeshifter) (D:12)
  A gargoyle (D:13)
  An efreet (D:14)
  A troll (D:13)
  3 meliai (Gauntlet)
  A slime creature (D:9)
  2 hippogriffs
  2 wyverns
  A shadow (D:11)
  16 yaks
  Eustachio (D:5)
  A hungry ghost (D:14)
  4 soldier ants (Gauntlet)
  4 porcupines (D:10)
  9 orc warriors
  6 ice beasts
  7 sky beasts
  2 phantoms
  3 ogres
  25 centaurs
  6 crocodiles
  An elf zombie (Ossuary)
  5 big kobolds
  12 bullfrogs
  A spiny frog simulacrum (Gauntlet)
  3 scorpions
  A water moccasin skeleton (D:9)
  16 wights
  9 killer bees (D:9)
  10 howler monkeys
  7 crimson imps
  A quasit (D:9)
  A bullfrog zombie (D:6)
  2 jellies
  5 orc priests
  4 hounds
  4 bullfrog skeletons
  5 centaur skeletons
  2 iguanas
  13 orc wizards
  9 worker ants
  3 centaur simulacra
  2 big kobold zombies (Ossuary)
  2 bullfrog simulacra (Gauntlet)
  A hound zombie (Ossuary)
  2 hound skeletons
  4 mummies (Ossuary)
  3 gnolls (D:6)
  10 adders
  3 quokkas
  5 shadow imps
  2 white imps (D:11)
  A worker ant simulacrum (D:11)
  An adder zombie (Ossuary)
  2 adder skeletons
  A worm (D:4)
  2 dart slugs
  6 leopard geckos
  57 orcs
  5 giant cockroaches
  A gnoll zombie (Ossuary)
  12 goblins
  4 hobgoblins
  3 jackals (D:1)
  8 bats
  3 frilled lizards
  A hobgoblin zombie (Ossuary)
  A jackal skeleton (D:6)
  19 kobolds
  A leopard gecko skeleton (D:4)
  An orc zombie (Ossuary)
  A quokka skeleton (D:4)
  6 rats
397 creatures vanquished.

Vanquished Creatures (collateral kills)
  A deep elf mage (D:14)
  An acid dragon (D:14)
  3 orc warriors (Bailey)
  A bullfrog (D:6)
  A human zombie (Ossuary)
  A gnoll (D:6)
  An adder skeleton (D:4)
  3 orcs
  A goblin zombie (Ossuary)
  A hobgoblin zombie (Ossuary)
  A kobold zombie (Ossuary)
15 creatures vanquished.

Vanquished Creatures (others)
  2 centaur warriors
  3 orc warriors (Bailey)
  2 centaurs
  A hound (D:11)
  An orc wizard (D:3)
  A kobold (D:12)
  2 plants (D:10)
12 creatures vanquished.

Grand Total: 424 creatures vanquished

Notes
Turn   | Place    | Note
-------+----------+-------------------------------------------
     0 | D:1      | Maedhros the Octopode Artificer began the quest for the
                  | Orb.
     0 | D:1      | Reached XP level 1. HP: 13/13 MP: 3/3
    53 | D:3      | Found a shadowy altar of Dithmenos.
    59 | D:3      | Noticed an orc wizard
   170 | D:4      | Noticed an orc wizard
   431 | D:4      | Reached XP level 2. HP: 15/18 MP: 4/4
   493 | D:4      | Found a hide-covered altar of Uskayaw.
   494 | D:4      | Noticed a +0 hand axe
   495 | D:4      | Noticed a +0 dagger
   517 | D:5      | Entered Level 5 of the Dungeon
   526 | D:5      | Reached skill level 1 in Unarmed Combat
   526 | D:5      | Reached XP level 3. HP: 14/23 MP: 5/5
   563 | D:5      | Reached skill level 2 in Unarmed Combat
   624 | D:5      | Reached XP level 4. HP: 17/28 MP: 6/6
   645 | D:5      | Reached skill level 3 in Unarmed Combat
   662 | D:5      | Noticed a sky beast
   693 | D:5      | Reached skill level 4 in Unarmed Combat
   693 | D:5      | Reached XP level 5. HP: 25/33 MP: 7/7
   716 | D:5      | Killed a sky beast
   716 | D:5      | Reached skill level 5 in Unarmed Combat
   716 | D:5      | Reached XP level 6. HP: 32/38 MP: 8/8
   724 | D:5      | Found a sand-covered staircase.
   732 | Ossuary  | Entered an ossuary
   860 | Ossuary  | Reached skill level 6 in Unarmed Combat
   963 | D:5      | Reached XP level 7. HP: 23/43 MP: 9/9
   975 | D:5      | Found a shimmering blue altar of Sif Muna.
  1084 | D:4      | Found a runed translucent door.
  1115 | D:4      | Found a staircase to the Ecumenical Temple.
  1126 | D:4      | Reached skill level 1 in Shields
  1172 | Temple   | Entered the Ecumenical Temple
  1200 | Temple   | Became a worshipper of Xom of Chaos
  1205 | Temple   | Fell from the grace of Xom
  1205 | Temple   | Became a worshipper of Cheibriados the Contemplative
  1227 | D:4      | Noticed tmanko2's ghost (amateur OgAM)
  1368 | D:3      | XOM: scenery: create altars
  1489 | D:3      | Reached * piety under Cheibriados
  1597 | D:2      | Found a stormy altar of Qazlal.
  1911 | D:1      | Reached ** piety under Cheibriados
  2084 | D:2      | Found a burning altar of Makhleb.
  2315 | D:3      | XOM: give mutations
  2315 | D:3      | Gained mutation: Your body sometimes deteriorates upon
                  | taking damage. [Xom's mischief]
  2315 | D:3      | Gained mutation: You expend magic power (3 MP) to
                  | strengthen your wands. [Xom's mischief]
  2315 | D:3      | Gained mutation: Your body often deteriorates upon taking
                  | damage. [Xom's mischief]
  2497 | D:4      | Found a white marble altar of Elyvilon.
  2604 | D:5      | Noticed Eustachio
  2612 | D:5      | Killed Eustachio
  2612 | D:5      | Reached *** piety under Cheibriados
  2612 | D:5      | Reached XP level 8. HP: 52/52 MP: 10/10
  2776 | D:6      | Lost mutation: Your body often deteriorates upon taking
                  | damage. [potion of mutation]
  2776 | D:6      | Lost mutation: Your body sometimes deteriorates upon taking
                  | damage. [potion of mutation]
  2776 | D:6      | Lost mutation: You expend magic power (3 MP) to strengthen
                  | your wands. [potion of mutation]
  2776 | D:6      | Gained mutation: You are resistant to hostile enchantments.
                  | (MR+) [potion of mutation]
  2776 | D:6      | Gained mutation: Your flesh is cold resistant. (rC+)
                  | [potion of mutation]
  2807 | D:6      | Reached skill level 7 in Unarmed Combat
  2898 | D:6      | Identified the +8 whip "Tarehih" {vorpal, Str+2}
  3129 | D:6      | Reached **** piety under Cheibriados
  3185 | D:6      | XOM: silly message
  3241 | D:7      | Reached XP level 9. HP: 56/59 MP: 11/11
  3275 | D:7      | Reached skill level 1 in Invocations
  3276 | D:7      | Reached skill level 5 in Dodging
  3295 | D:7      | Got a crude wooden ring
  3296 | D:7      | Identified the ring of Cifir {Fire *Slow MR+ MP+9} (You
                  | found it on level 7 of the Dungeon)
  3420 | D:7      | Noticed a two-headed ogre
  3561 | D:7      | Killed a two-headed ogre
  3561 | D:7      | Reached skill level 5 in Fighting
  3561 | D:7      | Reached skill level 8 in Unarmed Combat
  3695 | D:7      | Reached skill level 5 in Invocations
  3718 | D:8      | Reached XP level 10. HP: 42/68 MP: 14/14
  3821 | D:8      | XOM: chaos upgrade
  3864 | D:8      | Reached ***** piety under Cheibriados
  3937 | D:8      | Learned a level 3 spell: Gell's Gravitas
  3943 | D:8      | Learned a level 5 spell: Metabolic Englaciation
  4047 | D:9      | Reached skill level 1 in Translocations
  4072 | D:9      | Reached skill level 1 in Hexes
  4072 | D:9      | Reached skill level 1 in Ice Magic
  4100 | D:9      | XOM: 1-stop teleportation journey
  4225 | D:9      | XOM: cloud trail
  4413 | D:9      | Found a staircase to the Orcish Mines.
  4542 | D:9      | Noticed a two-headed ogre
  4554 | D:9      | Killed a two-headed ogre
  4554 | D:9      | Reached skill level 9 in Unarmed Combat
  4618 | D:9      | XOM: summons 4 hostile shadow creatures
  4619 | D:9      | Noticed a deep elf mage
  4680 | D:9      | Noticed a cyclops
  4680 | D:9      | Noticed a wizard
  4680 | D:9      | Noticed a white ugly thing
  4686 | D:9      | Killed a wizard
  4686 | D:9      | Reached XP level 11. HP: 70/74 MP: 14/15
  4691 | D:9      | Killed a white ugly thing
  4696 | D:9      | Killed a cyclops
  4699 | D:9      | Got a wavering golden ring
  4700 | D:9      | Identified the ring of Wodwet {rPois MR+ Dex+2} (You found
                  | it on level 9 of the Dungeon)
  4740 | D:9      | Reached skill level 5 in Necromancy
  4740 | D:9      | Reached XP level 12. HP: 44/81 MP: 16/16
  4741 | D:9      | Reached skill level 5 in Ice Magic
  4741 | D:9      | Reached XP level 13. HP: 48/88 MP: 17/17
  4801 | D:9      | XOM: silly message
  4806 | D:10     | Entered Level 10 of the Dungeon
  4863 | D:10     | Found a staircase to the Lair.
  4896 | D:10     | Reached skill level 5 in Translocations
  5002 | D:10     | XOM: 2-stop teleportation journey
  5114 | D:10     | Noticed Snorg
  5166 | D:11     | Found a runed translucent gate.
  5166 | D:11     | Found a runed translucent gate.
  5166 | D:11     | Found a runed translucent gate.
  5172 | D:11     | Noticed Rikkoh's ghost (journeyman GrEE)
  5260 | D:11     | Killed Rikkoh's ghost
  5296 | D:11     | Got the ring of Call {Fire}
  5297 | D:11     | Identified the ring of Call {Fire rElec Dex+3} (You found
                  | it on level 11 of the Dungeon)
  5426 | D:11     | XOM: enchant monster (bad)
  5617 | D:11     | XOM: noise
  6073 | D:12     | XOM: silly message
  6163 | D:12     | XOM: silly message
  6348 | D:13     | Found a flagged portal.
  6360 | Bailey   | Entered a bailey
  6392 | Bailey   | XOM: silly message
  6556 | Bailey   | Got bloodstained fire dragon scales
  6676 | D:13     | Identified a scroll of acquirement
  6676 | D:13     | Identified the +4 kite shield of Purpose {+Blink} (You
                  | acquired it on level 13 of the Dungeon)
  6845 | D:13     | Reached skill level 10 in Unarmed Combat
  6897 | D:13     | XOM: silly message
  6952 | D:13     | XOM: silly message
  6956 | D:13     | Reached XP level 14. HP: 34/97 MP: 18/18
  6956 | D:13     | Reached skill level 5 in Hexes
  6980 | D:13     | Learned a level 3 spell: Inner Flame
  7013 | D:13     | Reached skill level 5 in Shields
  7048 | D:13     | Got a coiled tin amulet
  7112 | D:13     | XOM: silly message
  7117 | D:14     | Reached skill level 1 in Spellcasting
  7147 | D:14     | Identified the amulet "Nopa" {Gourm +Inv Str-5 Int+5
                  | Slay+5} (You found it on level 13 of the Dungeon)
  7275 | D:14     | Found a gate leading to a gauntlet.
  7289 | Gauntlet | Entered a Gauntlet
  7289 | Gauntlet | Found a transporter.
  7289 | Gauntlet | Found a transporter.
  7289 | Gauntlet | Found a transporter.
  7289 | Gauntlet | Found a transporter.
  7293 | Gauntlet | Found a transporter.
  7305 | Gauntlet | Found a transporter.
  7305 | Gauntlet | Found a transporter.
  7309 | Gauntlet | Found a transporter.
  7319 | Gauntlet | Found a transporter.
  7326 | Gauntlet | Found a transporter.
  7383 | Gauntlet | Found a transporter.
  7402 | Gauntlet | Found a transporter.
  7740 | Gauntlet | XOM: silly message
  7860 | Gauntlet | Identified the +12 rapier of Conservatism {flame, rPois
                  | rC+}
  7878 | Gauntlet | Mangled by a minotaur

Levels and vault maps discovered:
D:1:      minmay_arrival_stone_box, layout_basic
D:2:      layout_loops_ring, nicolae_qazlal_eye_of_the_storm,
          makhleb_altar_promises_db, lemuel_statue_altar
D:3:      layout_loops_ring, nicolae_dithmenos_shadow_blocks, first_ration
D:4:      layout_rooms, lemuel_doored_altar, minitemple,
          dancing_weapons_uskayaw, minmay_temple_entry_statues_pillars,
          serial_curves, eino_curves_02, eino_curves_02,
          ebering_ghost_reflecting_pool, grunt_ministairs_1, minmay_quantized
D:5:      layout_gridville, lemuel_crystal_altar, nicolae_ossuary_entry_plus,
          uniq_eustachio
D:6:      layout_cave_pools, minmay_joined_circles
D:7:      layout_gridville
D:8:      layout_basic
D:9:      minmay_the_grid_triangle_9x9_rhombus_thin
          [minmay_the_grid_triangle_9x9_pentomino_pain,
          minmay_the_grid_triangle_9x9_prize_insulated,
          minmay_the_grid_triangle_9x9_cache,
          minmay_the_grid_triangle_9x9_skeleton], layout_loops_cross
D:10:     layout_loops_ring, minmay_lair_entry_grove, uniq_snorg
D:11:     layout_layer_cave, gammafunk_ghost_icy, blue_anna_alchemist
          [blue_anna_fruit_fields, blue_anna_fruit_fields]
D:12:     layout_grid_maze
D:13:     layout_irregular_city, enter_bailey_3
D:14:     layout_loops_cross, grunt_vaults_entry_fortified, serial_park_tiny_2,
          gauntlet_entry_generic
Temple:   jpeg_temple_clearing
Gauntlet: gammafunk_gauntlet_hard_choice [nicolae_gauntlet_arena_t_cross,
          nicolae_gauntlet_arena_flowing_pool, gammafunk_gauntlet_arena_spirals,
          nicolae_gauntlet_arena_x, nicolae_gauntlet_arena_grate_2,
          gammafunk_gauntlet_arena_crates, gauntlet_exit_spiral]

Skill      XL: |  1  2  3  4  5  6  7  8  9 10 11 12 13 14 |
---------------+-------------------------------------------+-----
Stealth        | 3 4 |  4.0
Unarmed Combat | 1 2 4 5 6 7 8 9 10 | 10.0
Shields        | 2 4 6 |  6.2
Fighting       | 3 4 5 6 7 8 9 |  9.0
Dodging        | 3 4 6 7 8 9 |  9.1
Invocations    | 5 6 |  6.2
Translocations | 4 7 8 |  8.0
Hexes          | 2 3 4 5 |  5.0
Ice Magic      | 2 3 5 6 7 |  7.0
Summonings     | 7 |  7.1
Necromancy     | 5 |  5.0
Charms         | 3 |  3.8
Spellcasting   | 3 |  3.1
Short Blades   | |  1.0
Evocations     | |  3.2

Action                   |  1- 3 |  4- 6 |  7- 9 | 10-12 | 13-15 || total
-------------------------+-------+-------+-------+-------+-------++-------
Melee: Short sword       |    19 |       |       |       |       ||    19
       Constrict         |    10 |    14 |    68 |    25 |    53 ||   170
       Tentacles         |     3 |    12 |    80 |    55 |   152 ||   302
       Trident           |     8 |    69 |   291 |   135 |   439 ||   942
       Punch             |       |     2 |    14 |    12 |    58 ||    86
       Unarmed           |       |       |       |       |    50 ||    50
Throw: Dart              |       |       |    13 |     6 |       ||    19
 Cast: Gell's Gravitas   |       |       |       |     9 |    47 ||    56
Invok: Slouch            |       |       |       |     5 |    10 ||    15
       Temporal Distorti |       |       |       |       |     1 ||     1
 Abil: Evoke Invisibilit |       |       |       |       |     1 ||     1
Evoke: Wand              |    10 |    10 |    21 |     3 |    19 ||    63
  Use: Potion            |     1 |       |     4 |     2 |     6 ||    13
       Scroll            |       |       |     5 |     7 |    11 ||    23
 Stab: Sleeping          |     2 |     3 |    23 |     9 |    16 ||    53
       Distracted        |       |       |       |     1 |     3 ||     4
  Eat: Chunk             |       |       |     6 |     4 |    14 ||    24
       Ration            |       |       |       |       |     3 ||     3
Armor: Skin              |     2 |    14 |    39 |    14 |    65 ||   134
Dodge: Dodged            |     7 |    32 |   156 |    79 |   266 ||   540
Block: Buckler           |       |     6 |   104 |    70 |   207 ||   387
       Kite shield       |       |       |       |       |   155 ||   155
       Reflection        |       |       |       |       |    53 ||    53

Table legend:
 A = Non-vault XP
 B = Vault XP
 C = Vault XP percentage of total XP
 D = Non-vault monster count
 E = Vault monster count
 F = Vault count percentage of total count
                 A         B        C        D         E       F
            +---------+---------+-------+---------+---------+-------
      Total |   26500 |   12587 |  32.2 |     315 |     104 |  24.8
            +---------+---------+-------+---------+---------+-------
        D:1 |      37 |       0 |   0.0 |      20 |       0 |   0.0
        D:2 |      27 |       0 |   0.0 |      10 |       0 |   0.0
        D:3 |     128 |       0 |   0.0 |      31 |       0 |   0.0
        D:4 |     105 |     164 |  61.0 |      13 |       6 |  31.6
        D:5 |     532 |     191 |  26.4 |      24 |       1 |   4.0
        D:6 |     467 |     313 |  40.1 |      13 |       8 |  38.1
        D:7 |    2207 |       0 |   0.0 |      25 |       0 |   0.0
        D:8 |    1562 |       0 |   0.0 |      25 |       0 |   0.0
        D:9 |    1495 |    3698 |  71.2 |      23 |      16 |  41.0
       D:10 |     852 |    1882 |  68.8 |      18 |      12 |  40.0
       D:11 |    2834 |    1595 |  36.0 |      31 |      10 |  24.4
       D:12 |    3053 |       0 |   0.0 |      27 |       0 |   0.0
       D:13 |    8268 |       6 |   0.1 |      35 |       4 |  10.3
       D:14 |    4933 |       0 |   0.0 |      20 |       0 |   0.0
     Temple |       0 |      22 | 100.0 |       0 |       1 | 100.0
    Ossuary |       0 |     223 | 100.0 |       0 |      16 | 100.0
     Bailey |       0 |    1480 | 100.0 |       0 |      17 | 100.0
   Gauntlet |       0 |    3013 | 100.0 |       0 |      13 | 100.0
            +---------+---------+-------+---------+---------+-------
